 Dungeon Crawl Stone Soup version 0.30-a0-756-gc2185399d4 (webtiles) character file.

Game seed: 10522912046397545729

2254 epen the Charlatan (level 9, -1/71 HPs)
             Began as a Gnoll Wanderer on Feb 9, 2023.
             Was a Follower of Cheibriados.
             Slain by a wight
             ... wielding a +4 mace
              (14 damage)
             ... on level 6 of the Dungeon.
             The game lasted 00:09:18 (7037 turns).

epen the Charlatan (Gnoll Wanderer)                 Turns: 7037, Time: 00:09:18

Health: -1/71      AC:  5    Str: 13    XL:     9   Next: 37%
Magic:  15/15      EV: 14    Int: 13    God:    Cheibriados [*.....]
Gold:   329        SH:  0    Dex: 22    Spells: 16/16 levels left

rFire   . . .      SeeInvis .    y - +4 spear (freeze)
rCold   . . .      Faith    .    (no shield)
rNeg    . . .      Spirit   .    m - +0 ring mail
rPois   .          Reflect  .    z - +0 hat
rElec   .          Harm     .    (no cloak)
rCorr   .          Rampage  .    (no gloves)
Will    .....                    (no boots)
Stlth   +++                      (no amulet)
HPRegen 0.31/turn                (no ring)
MPRegen 0.14/turn                (no ring)

@: very slow
A: fangs 1, strong nose, distributed training
a: Renounce Religion, Bend Time


You were on level 6 of the Dungeon.
You worshipped Cheibriados.
Cheibriados was aware of your devotion.
You visited 2 branches of the dungeon, and saw 8 of its levels.
You also visited: Sewer.

You collected 329 gold pieces.

Inventory:

Hand Weapons
 a - a +0 falchion
 d - a +0 dagger
 r - a +2 dagger of protection
 w - a +1 dagger of venom
 y - a +4 spear of freezing (weapon)
Missiles
 c - 4 boomerangs (quivered)
 t - a curare-tipped dart
Armour
 f - a +0 robe
 m - a +0 ring mail (worn)
 z - a +0 hat (worn)
Jewellery
 C - an amulet of faith
Wands
 l - a wand of roots (5)
Scrolls
 h - 3 scrolls of noise
 i - a scroll of enchant weapon
 j - 3 scrolls of identify
 k - 3 scrolls of teleportation
 n - 2 scrolls of fear
 p - 2 scrolls of amnesia
 v - a scroll of brand weapon
 x - 4 scrolls of vulnerability {unknown}
 A - a scroll of enchant armour {unknown}
 B - a scroll of magic mapping
Potions
 e - 2 potions of haste
 g - 2 potions of degeneration
 o - 2 potions of brilliance {unknown}
 q - 4 potions of flight {unknown}
 s - 3 potions of invisibility
 u - 2 potions of magic
Miscellaneous
 b - a condenser vane


   Skills:
 + Level 6.4 Fighting
 + Level 4.3 Short Blades
 + Level 6.4 Long Blades
 + Level 4.3 Axes
 + Level 4.3 Maces & Flails
 + Level 4.3 Polearms
 + Level 4.3 Staves
 + Level 4.3 Ranged Weapons
 + Level 6.4 Throwing
 + Level 4.3 Armour
 + Level 5.1 Dodging
 + Level 5.0 Stealth
 + Level 4.3 Shields
 + Level 4.3 Unarmed Combat
 + Level 4.3 Spellcasting
 + Level 3.6 Conjurations
 + Level 3.6 Hexes
 + Level 3.6 Summonings
 + Level 3.6 Necromancy
 + Level 3.6 Translocations
 + Level 3.6 Transmutations
 + Level 3.6 Fire Magic
 + Level 3.6 Ice Magic
 + Level 3.6 Air Magic
 + Level 3.6 Earth Magic
 + Level 3.6 Poison Magic
 + Level 4.8 Invocations
 + Level 6.4 Evocations


You had 16 spell levels left.
You didn't know any spells.
Your spell library contained the following spells:

 Spells                   Type           Power      Damage    Failure   Level
 Beastly Appendage        Tmut           24%        N/A       9%          1
 Magic Dart               Conj           48%        1d5       9%          1
 Call Imp                 Summ           12%        N/A       14%         2
 Scorch                   Fire           24%        2d6       14%         2
 Wereblood                Tmut           12%        N/A       14%         2
 Hailstorm                Conj/Ice       12%        3d5       26%         3
 Ignite Poison            Fire/Tmut/Pois 12%        N/A       26%         3
 Kindle Blastsparks       Fire/Tloc/Air  24%        2d12      26%         3
 Mephitic Cloud           Conj/Pois/Air  12%        N/A       26%         3
 Spider Form              Tmut/Pois      12%        N/A       26%         3
 Flame Wave               Conj/Fire      12%        2d6       65%         4
 Ice Form                 Ice/Tmut       12%        N/A       65%         4
 Freezing Cloud           Conj/Ice/Air   6%         6-21      94%         5
 Simulacrum               Ice/Necr       6%         N/A       100%        6
 Summon Cactus Giant      Summ           6%         N/A       100%        6


Dungeon Overview and Level Annotations

Branches:
Dungeon (7/15)             Temple (1/1) D:4           Sewer (visited)

Altars:
Ashenzari
Cheibriados
Dithmenos
Fedhas
Gozag
Hepliaklqana
Kikubaaqudgha
Makhleb
Nemelex Xobeh
Okawaru
Ru
Sif Muna
Trog
Uskayaw
Wu Jian
Xom
Yredelemnul
Zin
The Shining One

Shops:
D:4 :


Innate Abilities, Weirdness & Mutations

You have very sharp teeth.
Your uncanny sense of smell can sniff out nearby items.
Your experience applies equally to all skills.


Message History

The wight is lightly damaged.
The wight completely misses you.
Reach: y) +4 spear (freeze)
Press: ? - help, Dir - move target, f/p - wight
Aim: a wight, wielding a +4 mace and wearing a +0 robe (lightly damaged, about 27% to evade your +4 spear of freezing)
You hit the wight.
The wight is moderately damaged.
The wight hits you with a +4 mace!
* * * LOW HITPOINT WARNING * * *
Reach: y) +4 spear (freeze)
Press: ? - help, Dir - move target, f/p - wight
Aim: a wight, wielding a +4 mace and wearing a +0 robe (moderately damaged, about 27% to evade your +4 spear of freezing)
You hit the wight.
The wight is heavily damaged.
The wight barely misses you.
Reach: y) +4 spear (freeze)
Press: ? - help, Dir - move target, f/p - wight
Aim: a wight, wielding a +4 mace and wearing a +0 robe (heavily damaged, about 27% to evade your +4 spear of freezing)
You barely miss the wight.
The wight is heavily damaged.
The wight barely misses you.
Reach: y) +4 spear (freeze)
Press: ? - help, Dir - move target, f/p - wight
Aim: a wight, wielding a +4 mace and wearing a +0 robe (heavily damaged, about 27% to evade your +4 spear of freezing)
You hit the wight but do no damage.
The wight is heavily damaged.
The wight hits you with a +4 mace.
* * * LOW HITPOINT WARNING * * *
Reach: y) +4 spear (freeze)
Press: ? - help, Dir - move target, f/p - wight
Aim: a wight, wielding a +4 mace and wearing a +0 robe (heavily damaged, about 27% to evade your +4 spear of freezing)
You hit the wight but do no damage.
The wight is heavily damaged.
Reach: y) +4 spear (freeze)
Press: ? - help, Dir - move target, f/p - wight
Aim: a wight, wielding a +4 mace and wearing a +0 robe (heavily damaged, about 27% to evade your +4 spear of freezing)
You barely miss the wight.
The wight is heavily damaged.
The wight hits you with a +4 mace!
You die...

##.#...................##.##.#...
##...................#.##.##.###.
##.#..#.###.#...#.####.#...#.# #.
...#..#.# #.......# #..###..# ##
..[...#.# #.#.....# ##.## ##.##
##.#.##.# #.#.....# #.## ##.##
#.#.##.# #......># #.# #..#
#......# #.####z## #.## ##..##
####.#### #.####@# ##.## ##.#...
.....# ####......######.###.#####
###### #.....<......# ##...##
#.####..#.##.## ##### ###.#
#....#.#.#### #...# #.#...###...#
#[### #..>...#.##.# #.#
#.......###.# #.# ##.###### #.#


You could see a wight.

Vanquished Creatures
  Grinder (Sewer)
  A black bear (D:4)
  An orc warrior (D:6)
  2 ogres
  A centaur (D:5)
  3 phantoms
  A kobold brigand (Sewer)
  A bullfrog (D:6)
  2 necrophages
  2 scorpions
  3 wights
  5 howler monkeys
  The ghost of Leeroy the Ducker, a weakling SpBe of Trog (D:3)
  2 hounds (D:5)
  A jelly (D:5)
  An orc priest (D:4)
  3 iguanas
  3 orc wizards
  11 adders
  12 gnolls
  2 shadow imps (Sewer)
  A white imp (D:5)
  6 ufetubi
  A worm (D:3)
  4 dart slugs
  13 orcs
  2 bats
  2 bat zombies (Sewer)
  6 endoplasms
  4 giant cockroaches
  7 goblins
  7 hobgoblins
  4 quokkas
  13 ball pythons
  A giant cockroach zombie (Sewer)
  23 kobolds
  9 rats
162 creatures vanquished.

Vanquished Creatures (others)
  An orc (D:6)
  5 fungi (D:2)
  2 plants (D:2)
8 creatures vanquished.

Grand Total: 170 creatures vanquished

Notes
Turn   | Place    | Note
-------+----------+-------------------------------------------
     0 | D:1      | epen the Gnoll Wanderer began the quest for the Orb.
     0 | D:1      | epen set off with the following items: a +0 falchion, a
                  | condenser vane, 8 boomerangs, a +0 dagger, a potion of
                  | haste, a +0 robe.
     0 | D:1      | Reached XP level 1. HP: 20/20 MP: 1/1
   315 | D:1      | Reached XP level 2. HP: 26/26 MP: 2/2
   764 | D:2      | Reached XP level 3. HP: 17/31 MP: 3/3
   993 | D:2      | Found a faded altar of an unknown god.
  1119 | D:2      | Reached skill level 1 in Invocations
  1401 | D:2      | Reached skill level 1 in Short Blades
  1401 | D:2      | Reached skill level 1 in Axes
  1401 | D:2      | Reached skill level 1 in Maces & Flails
  1401 | D:2      | Reached skill level 1 in Polearms
  1401 | D:2      | Reached skill level 1 in Staves
  1401 | D:2      | Reached skill level 1 in Ranged Weapons
  1401 | D:2      | Reached skill level 1 in Armour
  1401 | D:2      | Reached skill level 1 in Shields
  1401 | D:2      | Reached skill level 1 in Unarmed Combat
  1401 | D:2      | Reached skill level 1 in Spellcasting
  1441 | D:2      | Reached XP level 4. HP: 36/38 MP: 5/5
  1578 | D:3      | Found a glowing drain.
  1592 | D:3      | Reached skill level 1 in Conjurations
  1592 | D:3      | Reached skill level 1 in Hexes
  1592 | D:3      | Reached skill level 1 in Summonings
  1592 | D:3      | Reached skill level 1 in Necromancy
  1592 | D:3      | Reached skill level 1 in Translocations
  1592 | D:3      | Reached skill level 1 in Transmutations
  1592 | D:3      | Reached skill level 1 in Fire Magic
  1592 | D:3      | Reached skill level 1 in Ice Magic
  1592 | D:3      | Reached skill level 1 in Air Magic
  1592 | D:3      | Reached skill level 1 in Earth Magic
  1592 | D:3      | Reached skill level 1 in Poison Magic
  1598 | Sewer    | Entered a sewer
  1777 | Sewer    | Reached XP level 5. HP: 30/43 MP: 7/7
  1837 | Sewer    | Found an ancient bone altar of Kikubaaqudgha.
  1894 | Sewer    | Reached XP level 6. HP: 33/50 MP: 8/8
  2014 | Sewer    | Reached skill level 5 in Fighting
  2014 | Sewer    | Reached skill level 5 in Long Blades
  2014 | Sewer    | Reached skill level 5 in Throwing
  2014 | Sewer    | Reached skill level 5 in Evocations
  2132 | Sewer    | Noticed Grinder
  2144 | Sewer    | Killed Grinder
  2145 | Sewer    | Reached XP level 7. HP: 43/56 MP: 10/10
  2860 | D:3      | Found a runed translucent gate.
  2860 | D:3      | Found a runed translucent gate.
  2862 | D:3      | Found a runed translucent gate.
  2863 | D:3      | Noticed Leeroy's ghost (weakling SpBe)
  3037 | D:3      | Killed Leeroy's ghost
  3235 | D:3      | Identified the +1 chain mail of Queshrye {Rampage rPois
                  | Str+4 Dex-2}
  3391 | D:4      | Found Seci's Book Shoppe.
  3421 | D:4      | Reached XP level 8. HP: 49/63 MP: 12/12
  3650 | D:4      | Found a sparkling altar of Nemelex Xobeh.
  3894 | D:4      | Found a staircase to the Ecumenical Temple.
  3908 | Temple   | Entered the Ecumenical Temple
  3997 | Temple   | Became a worshipper of Cheibriados the Contemplative
  4047 | D:5      | Entered Level 5 of the Dungeon
  5667 | D:5      | Found a shimmering altar of Xom.
  5834 | D:6      | Reached * piety under Cheibriados
  5964 | D:6      | Reached XP level 9. HP: 67/69 MP: 14/14
  6118 | D:6      | Found an ancient bone altar of Kikubaaqudgha.
  6162 | D:6      | Reached skill level 5 in Dodging
  7016 | D:7      | Reached skill level 5 in Stealth
  7037 | D:6      | Slain by a wight

Illustrated notes

Levels and vault maps discovered:
D:1:      pf_arrival_petrified_forest, layout_loops_ring
D:2:      layout_basic, shapermc_ecumenical_altar_mp_urbaneastern
D:3:      layout_loops_ring, cheibrodos_sewer_entry_sluice,
          biasface_ghost_orc_armoury
D:4:      layout_rooms, nemelex_dance_club_becter, temple_hall, serial_shops,
          shop
D:5:      minmay_opposing_rooms, layout_layer_cave, mainiacjoe_overflow_alcove_4
D:6:      layout_loops_cross, mainiacjoe_overflow_catwalk, uniq_grinder
D:7:      layout_loops_ring, nicolae_qazlal_scattered_showers, serial_rivers,
          chequers_serial_rivers_micro_b, chequers_serial_rivers_micro_a,
          chequers_serial_rivers_small_3, chequers_serial_rivers_large_a,
          minmay_misc_feat_nine_boxes, hangedman_abyss_or_decor_stabs,
          minmay_nine_imps, uniq_joseph
Temple:   lightli_temple_of_artemis

Skill      XL: |  1  2  3  4  5  6  7  8  9 |
---------------+----------------------------+-----
Invocations    | 1 2 3 4 |  4.8
Short Blades   | 1 2 3 4 |  4.3
Axes           | 1 2 3 4 |  4.3
Maces & Flails | 1 2 3 4 |  4.3
Polearms       | 1 2 3 4 |  4.3
Staves         | 1 2 3 4 |  4.3
Ranged Weapons | 1 2 3 4 |  4.3
Armour         | 1 2 3 4 |  4.3
Shields        | 1 2 3 4 |  4.3
Unarmed Combat | 1 2 3 4 |  4.3
Spellcasting   | 1 2 3 4 |  4.3
Conjurations   | 1 2 3 |  3.6
Hexes          | 1 2 3 |  3.6
Summonings     | 1 2 3 |  3.6
Necromancy     | 1 2 3 |  3.6
Translocations | 1 2 3 |  3.6
Transmutations | 1 2 3 |  3.6
Fire Magic     | 1 2 3 |  3.6
Ice Magic      | 1 2 3 |  3.6
Air Magic      | 1 2 3 |  3.6
Earth Magic    | 1 2 3 |  3.6
Poison Magic   | 1 2 3 |  3.6
Dodging        | 3 4 5 |  5.1
Stealth        | 3 4 5 |  5.0
Fighting       | 5 6 |  6.4
Long Blades    | 5 6 |  6.4
Throwing       | 5 6 |  6.4
Evocations     | 5 6 |  6.4

Action                     |  1- 3 |  4- 6 |  7- 9 || total
---------------------------+-------+-------+-------++-------
  Melee: Falchion          |    90 |     7 |       ||    97
         Bite              |    10 |     9 |    30 ||    49
         Punch             |     1 |     1 |     7 ||     9
         Dagger            |       |    38 |    38 ||    76
         Spear             |       |       |   294 ||   294
  Throw: Boomerang         |       |   107 |    59 ||   166
  Evoke: Wand              |     3 |     5 |    19 ||    27
         Condenser vane    |       |       |     1 ||     1
    Use: Potion            |     1 |     1 |     6 ||     8
         Scroll            |       |     1 |    10 ||    11
   Stab: Sleeping          |     4 |       |     8 ||    12
         Distracted        |       |       |     1 ||     1
 Armour: Robe              |    19 |    25 |    18 ||    62
         Ring mail         |       |       |    45 ||    45
  Dodge: Dodged            |    46 |    97 |   190 ||   333

Table legend: (Time is in decaauts)
 A = Elapsed time spent in this place.
 B = Non-inter-level travel time spent in this place.
 C = Inter-level travel time spent in this place.
 D = Time resting spent in this place.
 E = Time spent auto-exploring this place.
 F = Levels seen in this place.
 G = Mean time per level.
                   A        B        C        D        E       F      G
               +--------+--------+--------+--------+--------+-----+--------+
         Total |   7615 |   7359 |    256 |    632 |   5526 |   9 |  846.1 |
       Dungeon |   6782 |   6550 |    232 |    479 |   5073 |   7 |  968.9 |
        Temple |    115 |     91 |     24 |      0 |     80 |   1 |  115.0 |
         Sewer |    717 |    717 |      0 |    153 |    372 |   1 |  717.0 |
               +--------+--------+--------+--------+--------+-----+--------+

Top non-repeatable levels by time:
     D:5: 2004 daAuts
     D:6: 1427 daAuts
     D:3: 989 daAuts
     D:2: 861 daAuts
     D:4: 802 daAuts
   Sewer: 717 daAuts
     D:1: 685 daAuts
  Temple: 115 daAuts
     D:7: 11 daAuts
